AoeStats
← Artor

Nomad

508286158Analyzed
3v3 RM · 10d ago on Sep 21, 2026· 35m 16s· 6 players
Game mode
Random Map
Map size
210×210
Population
200
Speed
Normal
Resources
Standard
Victory
Conquest
Starting age
Dark Age
Ending age
Imperial Age
RankedLock teamsTeams togetherTeam positionsShared explorationLock speedFull tech treeHidden civsTurbo modeCheats
Victory
Defeat
🇹🇷 Italians · Türkiye
1094
+14
🇹🇷 Wu · Türkiye
1069
+16
🇹🇷 Malay · Türkiye
963
+21
🇺🇸 Mongols · United States
1105
-19
🇩🇪 Huns · Germany
1053
-17
🇩🇪 Saracens · Germany
1011
-15
-|pX|- Captain
14:52 Feudal Age
21:13 Castle Age
25:09 Fletching
25:24 Scale Barding Armor
34:09 Ballistics
33:47 Bodkin Arrow
Artor
5:29 Loom
16:13 Feudal Age
17:11 Fishing Lines
22:34 Castle Age
23:16 Crossbowman
Madness_longbow
5:20 Loom
14:28 Feudal Age
16:13 Double-Bit Axe
17:52 Fletching
23:25 Wheelbarrow
26:57 Castle Age
27:35 Wheelbarrow
26:59 Gold Mining
28:00 Medium Warships
28:09 Bodkin Arrow
29:13 Padded Archer Armor
29:51 Gold Shaft Mining
32:44 Horse Collar
muhammedgulerydo
4:30 Loom
16:17 Feudal Age
17:41 Double-Bit Axe
17:48 Stone Mining
17:49 Gold Mining
17:54 Fishing Lines
20:26 Castle Age
20:11 Padded Archer Armor
20:03 Fletching
21:58 Gillnets
22:19 Medium Warships
23:01 Stone Shaft Mining
22:46 Leather Archer Armor
22:27 Bodkin Arrow
24:49 Wheelbarrow
27:19 Imperial Age
24:35 Town Watch
25:47 Hand Cart
27:57 Ballistics
28:16 Bow Saw
29:47 Chemistry
28:38 Arrowslits
28:46 Guard Tower
29:28 Elite Genoese Crossbowman
31:17 Ring Archer Armor
33:33 Heavy Warships
35:27 Fortified Wall
35:13 Murder Holes
35:29 Masonry
34:59 Treadmill Crane
35:10 Heated Shot
35:56 Keep
35:33 Clinker Construction
Kemalius
4:50 Loom
15:21 Feudal Age
16:09 Double-Bit Axe
16:44 Fishing Lines
19:21 Castle Age
17:32 Gold Mining
19:01 Forging
18:53 Scale Mail Armor
20:03 Arson
20:40 Squires
22:05 Medium Warships
25:35 Gillnets
27:32 Iron Casting
27:12 Chain Mail Armor
32:43 Horse Collar
Luffy
5:58 Loom
14:39 Feudal Age
14:19 Horse Collar
15:53 Double-Bit Axe
20:54 Fletching
26:17 Castle Age
31:51 Pikeman
Connection lost

Rejoining the realm…

Still unreachable

The connection could not be restored.

Session expired

The server has moved on; the page needs a fresh start.